Map: Catalyst LE

Players

МятныйЛакей

  • Race: Protoss Protoss
  • League: Diamond
  • Spawn Location: 11:00

A.I. 1 (Very Easy) - Winner!

  • Race: Zerg Zerg
  • Spawn Location: 5:00

VOD

Have the link to the VOD?

Description

Time

  • Played on: April 8, 2018, 12:59 a.m.
  • Length: 10:25
Show
View Real Time Build Order
Export as new Build Order

МятныйЛакей Protoss 

Build Orders: 1 Gate Expand, Zealot Archon, Dark Templar Rush 

Get SALT Encoding   

  12  0:01  Probe  
  13  0:13  Probe  
  14  0:20  Pylon  
  14  0:25  Probe  
  15  0:38  Probe (Chrono Boost), Gateway  
  16  0:49  Probe (Chrono Boost), Assimilator  
  17  0:54  Probe (Chrono Boost)  
  18  1:04  Probe  
  19  1:17  Probe  
  20  1:27  Nexus  
  20  1:35  Cybernetics Core  
  20  1:38  Probe  
  21  1:49  Assimilator  
  21  1:50  Probe  
  21  1:52  Pylon  
  22  2:02  Probe  
  23  2:09  Adept (Chrono Boost)  
  23  2:11  Warp Gate  
  23  2:14  Probe  
  26  2:26  Probe  
  26  2:28  Stalker  
  29  2:34  Twilight Council  
  29  2:38  Probe  
  29  2:40  Probe  
  31  2:51  Probe  
  32  2:52  Robotics Facility  
  32  2:55  Probe  
  33  3:03  Probe  
  34  3:07  Probe  
  35  3:15  Probe  
  35  3:19  Probe, Dark Shrine  
  37  3:31  Gateway x2  
  37  3:34  Gateway  
  37  3:38  Warp Prism (Chrono Boost)  
  37  3:42  Probe  
  37  3:44  Probe  
  41  3:50  Assimilator  
  41  3:53  Assimilator  
  41  3:54  Probe  
  42  3:56  Probe  
  42  3:58  Pylon  
  43  4:04  Pylon  
  43  4:06  Probe  
  43  4:08  Probe  
  45  4:20  Probe x2  
  47  4:32  Probe x2  
  47  4:34  Dark Templar x2  
  47  4:35  Dark Templar x2  
  57  4:44  Probe x2  
  59  4:49  Pylon  
  59  4:51  Pylon  
  59  5:06  Pylon, Nexus  
  59  5:09  Observer (Chrono Boost)  
  59  5:12  Sentry x2  
  59  5:14  Adept x2  
  68  5:23  Shield Battery  
  68  5:30  Immortal (Chrono Boost)  
  68  5:31  Shield Battery  
  68  5:33  Shield Battery  
  72  5:35  Forge  
  72  5:39  Archon  
  72  5:40  Archon  
  72  5:43  Probe x2  
  74  5:55  Probe  
  75  5:59  Protoss Ground Weapons Level 1 (Chrono Boost)  
  75  6:00  Immortal (Chrono Boost), Sentry x2  
  75  6:02  Adept  
  85  6:04  Probe  
  85  6:10  Pylon  
  86  6:12  Pylon  
  86  6:16  Charge  
  88  6:18  Probe (Chrono Boost)  
  88  6:19  Probe x2 (Chrono Boost)  
  89  6:28  Probe x3 (Chrono Boost)  
  89  6:32  Gateway x2  
  92  6:34  Gateway  
  92  6:37  Gateway  
  92  6:38  Probe  
  93  6:40  Probe  
  93  6:41  Probe  
  95  6:48  Immortal (Chrono Boost)  
  100  6:54  Probe x2, Pylon  
  100  7:00  Templar Archives  
  100  7:01  Probe  
  102  7:04  Assimilator  
  102  7:06  Probe x2, Assimilator  
  102  7:07  Pylon  
  104  7:10  Pylon  
  104  7:20  Probe x2  
  104  7:21  Probe  
  104  7:22  Immortal (Chrono Boost)  
  111  7:25  Psionic Storm  
  111  7:32  Probe  
  111  7:35  Pylon x2  
  112  7:38  High Templar  
  112  7:39  High Templar x2  
  118  7:48  Zealot, High Templar  
  118  7:49  Zealot x3  
  128  7:59  Protoss Ground Weapons Level 2 (Chrono Boost)  
  128  8:05  Pylon x2  
  128  8:21  Pylon  
  128  8:22  Pylon, Immortal (Chrono Boost)  
  132  8:27  High Templar  
  132  8:28  High Templar  
  132  8:33  Robotics Facility, Nexus  
  136  8:34  Pylon  
  136  8:37  Archon  
  136  8:38  Zealot x6  
  148  8:53  Immortal (Chrono Boost)  
  148  8:59  High Templar  
  148  9:00  High Templar  
  156  9:06  Zealot x2  
  156  9:07  Zealot x4  
  168  9:12  Archon  
  168  9:25  Pylon  
  168  9:26  Observer (Chrono Boost)  
  173  9:39  Immortal (Chrono Boost)  
  173  9:40  Immortal (Chrono Boost)  
  173  9:42  Pylon  
  173  9:43  Pylon  
  177  9:49  High Templar x2  
  177  9:50  High Templar x2  
  177  9:51  Zealot x4  
  193  9:54  Archon x2  
  193  10:17  Zealot x3  
Show
View Real Time Build Order
Export as new Build Order

A.I. 1 (Very Easy) Zerg - Winner!

Build Orders: Hatch First 

Get SALT Encoding   

  12  0:01  Drone  
  13  0:12  Overlord  
  13  0:17  Drone  
  14  0:44  Hatchery  
  14  0:45  Drone  
  14  1:05  Spawning Pool  
  14  1:06  Extractor  
  14  1:09  Drone  
  13  1:16  Drone  
  14  1:21  Overlord  
  14  1:52  Zergling x2  
  14  1:53  Queen  
  17  1:54  Zergling x2  
  17  1:59  Roach Warren  
  17  2:04  Drone  
  18  2:09  Extractor  
  18  2:14  Drone  
  18  2:19  Zergling x2  
  19  2:24  Drone  
  20  2:31  Drone  
  21  2:39  Drone  
  22  2:46  Drone  
  23  2:53  Drone  
  24  3:00  Drone  
  24  3:02  Roach  
  27  3:07  Drone  
  28  3:16  Overlord  
  28  3:18  Drone  
  29  3:25  Drone  
  30  3:32  Lair  
  30  3:33  Drone  
  31  3:45  Roach, Drone  
  34  3:52  Drone  
  35  4:00  Drone  
  36  4:03  Overlord  
  36  4:07  Drone  
  37  4:14  Drone  
  38  4:21  Drone  
  39  4:28  Ravager, Drone, Roach  
  39  4:31  Overseer  
  43  4:33  Overseer  
  43  4:36  Drone  
  44  4:43  Drone  
  44  4:44  Overlord  
  45  4:50  Drone  
  46  4:57  Drone  
  46  5:04  Drone  
  46  5:05  Extractor  
  47  5:11  Extractor, Drone  
  47  5:18  Drone  
  48  5:26  Drone  
  49  5:33  Drone  
  50  5:40  Drone  
  51  5:48  Drone  
  52  10:07  Zergling x2  
  52  10:13  Overseer  
Tags
 
Add a new tag
Caveats
  • Supply blocks, unpowered buildings, or Contaminate may cause inaccurate times.
  • Supply counts are checked every 10 seconds.